 Dungeon Crawl Stone Soup version 0.32-a0-612-g1c984fe9d1 (webtiles) character file.

Game seed: 2516209388002921069

96 ezpacito the Chopper (level 4, -4/35 HPs)
             Began as a Coglin Chaos Knight on Mar 4, 2024.
             Was a Plaything of Xom.
             Killed from afar by an orc wizard (7 damage)
             ... with a puff of flame
             ... on level 3 of the Dungeon.
             The game lasted 00:03:15 (1675 turns).

ezpacito the Chopper (Coglin Chaos Knight)          Turns: 1675, Time: 00:03:15

Health: -4/35      AC:  6    Str: 14    XL:     4   Next: 67%
Magic:  4/4        EV: 12    Int: 12    God:    Xom [..*...]
Gold:   133        SH:  0    Dex: 13    Spells: 3/3 levels left

rFire   . . .        a - +0 hand axe (chaos) {Gabriela}
rCold   . . .        d - +0 dagger {Cortez}
rNeg    . . .        b - +2 leather armour
rPois   .            (no helmet)
rElec   .            m - +0 cloak
rCorr   .            (no gloves)
SInv    .            (no boots)
Will    +....        (amulet unavailable)
Stlth   +            (ring unavailable)
HPRegen 0.25/turn    (ring unavailable)
MPRegen 0.09/turn    (no gizmo)

%: no passive effects
@: brilliant, enlightened, flying, revving
A: off-hand wielding, slow wielding, warmup strikes, no jewellery
a: Invent Gizmo, Renounce Religion


You were on level 3 of the Dungeon.
You worshipped Xom.
You were a toy of Xom.
You visited 1 branch of the dungeon, and saw 3 of its levels.

You collected 133 gold pieces.

Inventory:

Hand Weapons
 a - a +0 hand axe of chaos (weapon) {Gabriela}
 d - a +0 dagger (offhand) {Cortez}
Missiles
 f - 4 darts of dispersal
 g - 9 poisoned darts
 l - 9 boomerangs
Armour
 b - a +2 leather armour (worn)
 m - a +0 cloak (worn)
Talismans
 k - a blade talisman
Scrolls
 i - a scroll of fear {unknown}
 j - a scroll of identify {unknown}
 n - a scroll of enchant weapon {unknown}
 o - a scroll of poison {unknown}


   Skills:
 + Level 3.4 Fighting
 * Level 3.6(3.7) Axes
 + Level 0.9(2.2) Polearms
 * Level 2.6 Armour
 * Level 2.0 Dodging


You had 3 spell levels left.
You didn't know any spells.
Your spell library contained the following spells:

 Spells                   Type           Power      Damage    Failure   Level
 Lesser Beckoning         Tloc           0%         N/A       52%         2
 Call Canine Familiar     Summ           0%         N/A       77%         3
 Gell's Gravitas          Tloc           0%         N/A       77%         3
 Sigil of Binding         Hex            0%         N/A       77%         3
 Teleport Other           Tloc           0%         N/A       77%         3
 Dimensional Bullseye     Hex/Tloc       0%         N/A       99%         4


Dungeon Overview and Level Annotations

Branches:
Dungeon (3/15)

Altars:


Innate Abilities, Weirdness & Mutations

You can wield a second weapon in your off-hand.
It takes a long time for you to wield or remove held weapons.
Your first few attacks do less damage.
You cannot equip rings or amulets.


Message History

Your butterfly disappears in a burst of colours! x2
You hear some strange, mumbled words.
You are confused.
It was a potion of brilliance.
You feel clever all of a sudden.
Your butterfly disappears in a burst of colours! x2
Something hits you.
* * * LOW HITPOINT WARNING * * *
You take 4 damage, and have 4/35 hp.
You miss something with your +0 hand axe of chaos.
You closely miss something with your +0 dagger.
Your butterfly disappears in a burst of colours!
Something barely misses you.
Your butterfly disappears in a burst of colours! x3
Something hits you but does no damage.
Your butterfly disappears in a burst of colours!
Something hits you.
* * * LOW HITPOINT WARNING * * *
Something completely misses you.
Your butterfly disappears in a burst of colours! x2
Something hits your butterfly.
Your butterfly dies!
Your butterfly disappears in a burst of colours!
There is a stone staircase leading down here.
You feel less confused.
Your butterfly disappears in a burst of colours! x2
Something hits you but does no damage.
You hit something with your +0 dagger.
You barely miss something with your +0 hand axe of chaos.
Your butterfly disappears in a burst of colours! x2
Something hits you.
* * * LOW HITPOINT WARNING * * *
You take 1 damage, and have 3/35 hp.
You miss something with your +0 hand axe of chaos.
You hit something with your +0 dagger.
Your butterfly disappears in a burst of colours!
You hear some strange, mumbled words.
A puff of flame appears from out of thin air!
The puff of flame hits you!
You die...

#..#...##..†..#.###.#
###.....#..#......#..#
#..........##.#)......
#.###...##............
#.##....#####(........
##[##.#b.#####.#.......
#.....:................
##...#..................
####...)){@b...............
#.......#...b.....#........
#.[...)....................
#.##.?.###.###.#####.......
#...##..# #... ..#.####
###....## #######.#
#.b........ ...
#....####... ##. #..... .


There were no monsters in sight!

Vanquished Creatures
  An orc wizard (D:3)
  A ribbon worm (D:2)
  2 dart slugs (D:1)
  6 orcs (D:3)
  3 ball pythons
  2 endoplasms
  6 hobgoblins
  11 jackals
  2 kobolds (D:2)
  A quokka (D:1)
  5 bats
  2 frilled lizards (D:1)
  5 goblins
  6 rats (D:2)
53 creatures vanquished.

Vanquished Creatures (collateral kills)
  An orc (D:3)
1 creature vanquished.

Grand Total: 54 creatures vanquished

Notes
Turn   | Place    | Note
-------+----------+-------------------------------------------
     0 | D:1      | ezpacito the Coglin Chaos Knight began the quest for the
                  | Orb.
     0 | D:1      | Reached XP level 1. HP: 18/18 MP: 1/1
    33 | D:1      | Reached skill level 1 in Dodging
    38 | D:1      | Reached XP level 2. HP: 22/24 MP: 2/2
   635 | D:2      | Reached XP level 3. HP: 28/29 MP: 3/3
   929 | D:2      | Found a faded altar of an unknown god.
  1501 | D:3      | Reached XP level 4. HP: 32/35 MP: 4/4
  1634 | D:3      | XOM: summons friendly white imp
  1675 | D:3      | Killed from afar by an orc wizard

Illustrated notes

Levels and vault maps discovered:
D:1:      dreamdust_arrival_beginning_and_end, layout_loops_ring,
          minmay_circled_x
D:2:      layout_basic, shapermc_ecumenical_altar_hornbeckon
D:3:      layout_rooms

Skill      XL: |  1  2  3  4 |
---------------+-------------+-----
Dodging        | 1 2 |  2.0
Armour         | 2 |  2.6
Fighting       | |  3.4
Axes           | |  3.6
Polearms       | |  0.9

Action                     |  1- 3 |  4- 6 || total
---------------------------+-------+-------++-------
  Melee: Hand axe          |    79 |    24 ||   103
         Dagger            |    72 |    26 ||    98
    Use: Potion            |     1 |     3 ||     4
         Scroll            |       |     1 ||     1
   Stab: Sleeping          |     1 |       ||     1
 Armour: Leather armour    |    48 |    28 ||    76
         Skin              |    11 |    26 ||    37
  Dodge: Dodged            |    70 |    17 ||    87

Table legend: (Time is in decaauts)
 A = Elapsed time spent in this place.
 B = Non-inter-level travel time spent in this place.
 C = Inter-level travel time spent in this place.
 D = Time resting spent in this place.
 E = Time spent auto-exploring this place.
 F = Levels seen in this place.
 G = Mean time per level.
                   A        B        C        D        E       F      G
               +--------+--------+--------+--------+--------+-----+--------+
         Total |   1690 |   1588 |    102 |      6 |   1241 |   3 |  563.3 |
       Dungeon |   1690 |   1588 |    102 |      6 |   1241 |   3 |  563.3 |
               +--------+--------+--------+--------+--------+-----+--------+

Top non-repeatable levels by time:
     D:2: 895 daAuts
     D:1: 598 daAuts
     D:3: 196 daAuts
